 Dungeon Crawl Stone Soup version 0.32-a0-643-ga006e7742e (webtiles) character file.

Game seed: 14053055601427266862

422 backslashecho the Ruffian (level 6, 0/52 HPs)
             Began as a Draconian Shapeshifter on Mar 7, 2024.
             Was a Believer of Uskayaw.
             Slain by a two-headed ogre
             ... wielding a +0 giant club
              (19 damage)
             ... on level 5 of the Dungeon.
             The game lasted 00:07:04 (4587 turns).

backslashecho the Ruffian (Draconian Shapeshifter)  Turns: 4587, Time: 00:07:06

Health: 0/52       AC:  6    Str: 16    XL:     6   Next: 63%
Magic:  7/7        EV: 12    Int: 10    God:    Uskayaw [**....]
Gold:   274        SH:  0    Dex: 19    Spells: 5/5 levels left

rFire   . .          .
                       - Unarmed
rCold   . . .        (no shield)
rNeg    . . .        (body armour unavailable)
rPois   .            (helmet currently unavailable)
rElec   .            (cloak currently unavailable)
rCorr   .            (gloves currently unavailable)
SInv    .            (boots currently unavailable)
Will    .....        (no amulet)
Stlth   ++           g - +6 ring of dexterity
HPRegen 0.28/turn    (no ring)
MPRegen 0.10/turn

%: no passive effects
@: beast-form
A: beast (slay +1), AC +6, unfitting armour, cold-blooded
a: Begin Untransformation, Renounce Religion, Stomp, Line Pass


You were on level 5 of the Dungeon.
You worshipped Uskayaw.
Uskayaw was noncommittal.
You were a hulking beast.
You visited 1 branch of the dungeon, and saw 5 of its levels.

You collected 274 gold pieces.

Inventory:

Missiles
 n - 6 poisoned darts (quivered)
Jewellery
 g - a +6 ring of dexterity (left hand)
Talismans
 b - a beast talisman (active)
 c - a flux talisman
Wands
 a - a wand of paralysis (13)
 r - a wand of flame (19)
Scrolls
 d - a scroll of revelation {unknown}
 h - 2 scrolls of blinking {unknown}
 i - 2 scrolls of enchant armour {unknown}
 j - 2 scrolls of enchant weapon {unknown}
 k - a scroll of noise {unknown}
 o - 2 scrolls of teleportation {unknown}
 q - a scroll of amnesia {unknown}
 s - a scroll of silence {unknown}
 t - 2 scrolls of identify
 v - a scroll of immolation {unknown}
 w - a scroll of summoning {unknown}
Potions
 e - a potion of heal wounds {unknown}
 f - a potion of magic {unknown}
 l - 2 potions of resistance
 m - 3 potions of brilliance
 p - a potion of invisibility {unknown}
 u - 2 potions of lignification


   Skills:
 + Level 4.1 Fighting
 - Level 2.0 Dodging
 * Level 6.2 Unarmed Combat
 + Level 1.5 Invocations
 - Level 3.0 Shapeshifting


You had 5 spell levels left.
You didn't know any spells.
Your spell library contained the following spells:

 Spells                   Type           Power      Damage    Failure   Level
 Magic Dart               Conj           0%         1d3       36%         1
 Blink                    Tloc           0%         N/A       50%         2
 Call Imp                 Summ           0%         N/A       50%         2
 Leda's Liquefaction      Alch/Erth      0%         N/A       98%         4
 Lee's Rapid Deconstruct  Erth           0%         3d4*      100%        5
 Bombard                  Conj/Erth      0%         9d1       100%        6


Dungeon Overview and Level Annotations

Branches:
Dungeon (5/15)             Temple (0/1) D:4

Altars:
Cheibriados
Makhleb
Ru
Uskayaw

Annotations:
D:3 exclusion: centaur
D:4 Menkaure
D:5 exclusion: two-headed ogre


Innate Abilities, Weirdness & Mutations

You are a hulking beast.
Your limbs bulge with bestial killing power. (Slay +1)
Your plain brown scales are hard. (AC +6)
You cannot fit into any form of body armour.
You are cold-blooded and may be slowed by cold attacks.


Message History

You kill the orc!
You see here a +0 war axe.
w - a scroll labelled IFEOSK SEZXAHU Key pressed, stopping explore.
Partly explored, can't reach some places.
Partly explored, can't reach some places.
Partly explored, can't reach some places.
Okay, then.
Okay, then.
Okay, then.
Press: ? - help, v - describe, . - travel
Here: Prince Ribbit (asleep)
The floor.
Reduced exclusion size to a single square.
Removed exclusion.
Throw: 6 darts (poison)
Press: ? - help, Q - select action, (/) - cycle Shift-Dir - straight line, f - Prince Ribbit
Aim: Prince Ribbit (asleep, 98% to hit)
You throw a poisoned dart. The poisoned dart hits Prince Ribbit.
Prince Ribbit is poisoned.
Throw: 5 darts (poison)
Press: ? - help, Q - select action, (/) - cycle Shift-Dir - straight line, f/p - Prince Ribbit
Aim: Prince Ribbit (poisoned, 39% to hit)
You throw a poisoned dart.
The poisoned dart closely misses Prince Ribbit.
Prince Ribbit hits you.
You take 6 damage, and have 40/46 hp.
You hit Prince Ribbit.
Prince Ribbit is lightly wounded.
Prince Ribbit closely misses you.
You punch Prince Ribbit! x2
Prince Ribbit is severely wounded.
Prince Ribbit hits you!
You can now stomp with the beat.
You take 15 damage, and have 26/46 hp.
MASSIVE DAMAGE!!
You hit Prince Ribbit but do no damage.
Prince Ribbit is severely wounded.
Prince Ribbit hits you but does no damage.
You hit Prince Ribbit. Your punch misses Prince Ribbit.
Prince Ribbit is severely wounded.
Prince Ribbit hits you but does no damage.
Prince Ribbit hits you!
You can now pass through a line of other dancers.
You take 7 damage, and have 19/46 hp.
You hit Prince Ribbit.
Prince Ribbit is almost dead.
Prince Ribbit looks more healthy.
Prince Ribbit hits you.
You take 4 damage, and have 15/46 hp.
You hit Prince Ribbit.
Prince Ribbit is almost dead.
Prince Ribbit closely misses you.
You hit Prince Ribbit.
You kill Prince Ribbit!
Your Fighting skill increases to level 4!
Your Unarmed Combat skill increases to level 6!
Your Invocations skill increases to level 1!
You have reached level 6!
Your scales feel tougher.
You regained 2 hp, and now have 17/52 hp.
Unknown command.
Magic restored.
n - 5 poisoned darts (gained 1)
n - 6 poisoned darts (gained 1) Partly explored, can't reach some places.
Health restored: 52; MP restored: 7 You see here 3 stones.
Okay, then.
Aiming: Paralyse
Press: ? - help, Shift-Dir - straight line, f - two-headed ogre
Aim: a two-headed ogre, wielding two +0 giant clubs (asleep, chance to affect: 31%)
The two-headed ogre shouts in stereo!
The two-headed ogre suddenly stops moving!
The helpless two-headed ogre fails to defend itself.
You hit the two-headed ogre.
The two-headed ogre is lightly wounded.
The helpless two-headed ogre fails to defend itself.
You hit the two-headed ogre. You tail-slap the two-headed ogre.
The two-headed ogre is lightly wounded.
The helpless two-headed ogre fails to defend itself.
You hit the two-headed ogre.
The two-headed ogre is moderately wounded.
The two-headed ogre is no longer paralysed.
The two-headed ogre misses you.
The two-headed ogre hits you with a +0 giant club!!
You can now pass through a line of other dancers.
You take 19 damage, and have 33/52 hp.
MASSIVE DAMAGE!!
You hit the two-headed ogre.
The two-headed ogre is moderately wounded.
The two-headed ogre hits you with a +0 giant club!
The two-headed ogre closely misses you.
You take 14 damage, and have 19/52 hp.
MASSIVE DAMAGE!!
You hit the two-headed ogre but do no damage.
The two-headed ogre is moderately wounded.
Aiming: Paralyse
Press: ? - help, Shift-Dir - straight line, f/p - two-headed ogre
Aim: a two-headed ogre, wielding two +0 giant clubs (moderately wounded, chance to affect: 31%)
The two-headed ogre easily resists.
The two-headed ogre hits you with a +0 giant club!!
You die...
Your body falls in perfect tune with the rhythm.

...#.#........###.#.############
####.##.#.........#.....#
......#.#.###.#########.#
####..#.#.# #.##........#
#..#.#.# #.##.######## ##
#....#.# #.##.#.....##
.###...##.# #.#.........#
..........# #.#..#>###..#
.##.#..#..# #.#.h#......########
.......#..###.#.O#.............#
...###.#......#.##.####.#####.##
...# #.#.######. #......# #.#
...# #.#.# #.######### #.# ####
#.#.######.#.......# #.# #
####.#........#.#####.# #.# #
#....##########.....#.#####.# #
#.#### #####.#.......#


You could see a two-headed ogre.

Vanquished Creatures
  Prince Ribbit (D:5)
  A scorpion (D:3)
  Ijyb (D:4)
  An orc wizard (D:3)
  5 adders
  3 dart slugs
  2 ribbon worms
  9 orcs
  6 ball pythons
  4 bats
  9 endoplasms
  3 giant cockroaches
  2 goblins
  5 hobgoblins
  2 jackals (D:1)
  A quokka (D:1)
  3 frilled lizards
  3 kobolds (D:1)
  4 rats
65 creatures vanquished.

Notes
Turn   | Place    | Note
-------+----------+-------------------------------------------
     0 | D:1      | backslashecho the Draconian Shapeshifter began the quest
                  | for the Orb.
     0 | D:1      | Reached XP level 1. HP: 16/16 MP: 1/1
    50 | D:1      | Reached XP level 2. HP: 17/23 MP: 2/2
   710 | D:2      | Reached XP level 3. HP: 25/29 MP: 3/3
   768 | D:2      | Found a burning altar of Makhleb.
   797 | D:2      | Reached skill level 4 in Unarmed Combat
   974 | D:2      | Reached XP level 4. HP: 37/37 MP: 4/4
  1701 | D:3      | Noticed a scorpion
  1712 | D:3      | Killed a scorpion
  1713 | D:3      | Reached XP level 5. HP: 12/45 MP: 5/5
  1721 | D:3      | HP: 2/45 [poisoned by a scorpion]
  1883 | D:3      | Noticed a centaur
  1944 | D:3      | Reached skill level 5 in Unarmed Combat
  2838 | D:4      | Noticed Ijyb
  2842 | D:4      | Paralysed by Ijyb for 3 turns
  2851 | D:4      | Killed Ijyb
  3043 | D:4      | Found a staircase to the Ecumenical Temple.
  3081 | D:4      | Noticed Menkaure
  3153 | D:4      | Found a snail-covered altar of Cheibriados.
  3320 | D:5      | Entered Level 5 of the Dungeon
  3572 | D:5      | Noticed a two-headed ogre
  3850 | D:5      | Noticed Prince Ribbit
  4033 | D:5      | Found a sacrificial altar of Ru.
  4033 | D:5      | Found a hide-covered altar of Uskayaw.
  4041 | D:5      | Became a worshipper of Uskayaw the Reveller
  4384 | D:5      | Reached * piety under Uskayaw
  4386 | D:5      | Reached ** piety under Uskayaw
  4389 | D:5      | Killed Prince Ribbit
  4390 | D:5      | Reached skill level 6 in Unarmed Combat
  4390 | D:5      | Reached skill level 1 in Invocations
  4390 | D:5      | Reached XP level 6. HP: 17/52 MP: 5/7
  4587 | D:5      | Slain by a two-headed ogre

Illustrated notes

Levels and vault maps discovered:
D:1:      scummos_arrival_simple_fountains, layout_loops_cross,
          hellmonk_ecumenical_altar_run_dry
D:2:      layout_basic, basic_altar
D:3:      layout_loops_ring, chequers_serial_rivers_room_a
D:4:      layout_cave_pools, mainiacjoe_overflow_24_doors,
          minmay_temple_entry_glassed_door, dreamdust_princess_bridge,
          uniq_menkaure, uniq_ijyb
D:5:      layout_basic, mainiacjoe_overflow_large_starburst, uniq_prince_ribbit1

Skill      XL: |  1  2  3  4  5 |
---------------+----------------+-----
Dodging        | 2 |  2.0
Fighting       | 2 3 4 |  4.1
Unarmed Combat | 4 6 |  6.2
Invocations    | 1 |  1.5
Shapeshifting  | |  3.0

Action                     |  1- 3 |  4- 6 || total
---------------------------+-------+-------++-------
  Melee: Unarmed           |    77 |   114 ||   191
         Tailslap          |    10 |    10 ||    20
         Punch             |     2 |     2 ||     4
  Throw: Dart              |       |     2 ||     2
  Evoke: Wand              |       |     2 ||     2
    Use: Scroll            |       |     3 ||     3
         Potion            |       |     1 ||     1
   Stab: Sleeping          |     1 |     3 ||     4
         Paralysed         |       |     3 ||     3
 Armour: Skin              |    32 |    63 ||    95
  Dodge: Dodged            |    50 |    42 ||    92

Table legend: (Time is in decaauts)
 A = Elapsed time spent in this place.
 B = Non-inter-level travel time spent in this place.
 C = Inter-level travel time spent in this place.
 D = Time resting spent in this place.
 E = Time spent auto-exploring this place.
 F = Levels seen in this place.
 G = Mean time per level.
                   A        B        C        D        E       F      G
               +--------+--------+--------+--------+--------+-----+--------+
         Total |   4574 |   4306 |    268 |    139 |   3540 |   5 |  914.8 |
       Dungeon |   4574 |   4306 |    268 |    139 |   3540 |   5 |  914.8 |
               +--------+--------+--------+--------+--------+-----+--------+

Top non-repeatable levels by time:
     D:5: 1264 daAuts
     D:2: 979 daAuts
     D:3: 922 daAuts
     D:4: 716 daAuts
     D:1: 692 daAuts
